 Dungeon Crawl Stone Soup version 0.29.1-15-g9cfb28693d (webtiles) character file.

Game seed: 16925674190945031517

17100 javelincjr the Thaumaturge (level 12, -4/77 (84) HPs)
             Began as a Demonspawn Hedge Wizard on Apr 4, 2023.
             Was a High Priest of Hepliaklqana.
             Slain by Rupert
             ... wielding a +1 great mace of draining
              (18 damage)
             ... on level 12 of the Dungeon.
             The game lasted 01:01:40 (14099 turns).

javelincjr the Thaumaturge (DsHW)                  Turns: 14099, Time: 01:01:40

HP:   -4/77 (84)    AC: 15    Str: 12    XL:     12   Next: 15%
MP:   20/24         EV: 12    Int: 19    God:    Hepliaklqana [*****.]
Gold: 790           SH:  0    Dex: 13    Spells: 23/28 levels left

rFire   + . .      SeeInvis .   n - +5 halberd (freeze)
rCold   + + .      Faith    .   (shield currently unavailable)
rNeg    + . .      Spirit   .   v - +1 ring mail of Lifelessness {rPois rF+ rC+ rN+}
rPois   +          Reflect  .   R - +2 hat
rElec   .          Harm     .   o - +0 cloak
rCorr   .          Rampage  .   (no gloves)
Will    .....                   P - +0 pair of boots
Stlth   +.........              g - amulet of regeneration
HPRegen 1.02/turn               i - +4 ring of slaying
MPRegen 0.19/turn               N - ring of wizardry

@: drained
A: reduced essence, claws 2, icy blue scales 3, demonic guardian 1
a: Renounce Religion, Recall Ancestor, Ancestor Identity, Transference, Idealise


You were on level 12 of the Dungeon.
You worshipped Hepliaklqana.
Hepliaklqana was extremely pleased with you.
You visited 2 branches of the dungeon, and saw 13 of its levels.

You collected 923 gold pieces.
You spent 133 gold pieces at shops.

Inventory:

Hand Weapons
 j - a +1 demon whip of venom
 n - a +5 halberd of freezing (weapon)
 F - a +7 hand axe of venom
 H - a +3 dagger of chaos
 M - the +7 dagger of the Twisting Priest {vorpal, rC+ Will+ Dex+4}
   (You bought it in a shop on level 9 of the Dungeon)

   It inflicts extra damage upon your enemies.
   Dex:       It affects your dexterity (+4).
   rC:        It protects you from cold.
   Will:      It increases your willpower.
Missiles
 u - 35 poisoned darts
 J - 3 boomerangs of dispersal
Armour
 c - a +0 hat
 e - a +0 troll leather armour
 o - a +0 cloak (worn)
 t - +0 acid dragon scales
 v - the +1 ring mail of Lifelessness (worn) {rPois rF+ rC+ rN+}
   (You found it on level 3 of the Dungeon)

   rF:        It protects you from fire.
   rC:        It protects you from cold.
   rPois:     It protects you from poison.
   rN:        It protects you from negative energy.
 G - a +0 buckler
 P - a +0 pair of boots (worn)
 R - a +2 hat (worn)
Jewellery
 g - an amulet of regeneration (around neck)
 i - a +4 ring of slaying (left claw)
 p - an amulet of the acrobat
 y - the ring of Psychosis {rN+ AC+4 Stlth+}
   (You found it on level 8 of the Dungeon)

   [ring of protection]

   AC:        It affects your AC (+4).
   rN:        It protects you from negative energy.
   Stlth:     It makes you more stealthy.
 N - a ring of wizardry (right claw)
 Q - a ring of resist corrosion
Wands
 a - a wand of digging (6)
 r - a wand of iceblast (6)
 s - a wand of flame (24)
 E - a wand of polymorph (3)
 I - a wand of quicksilver (9)
 O - a wand of charming (7)
Scrolls
 b - 3 scrolls of identify
 h - 2 scrolls of noise {unknown}
 q - 2 scrolls of teleportation
 w - a scroll of amnesia
 C - 6 scrolls of fog
 D - a scroll of vulnerability
 K - a scroll of summoning {unknown}
 S - a scroll of magic mapping {unknown}
 T - a scroll of fear {unknown}
Potions
 d - 3 potions of magic
 f - 4 potions of curing
 k - 5 potions of haste
 l - 2 potions of invisibility {unknown}
 m - 3 potions of brilliance {unknown}
 x - 2 potions of heal wounds
 z - a potion of flight {unknown}
 A - 3 potions of mutation {unknown}
 B - 3 potions of lignification
 L - a potion of ambrosia {unknown}


   Skills:
 * Level 8.7 Fighting
 + Level 2.2 Short Blades
 - Level 3.6 Axes
 + Level 5.5 Armour
 + Level 5.9 Dodging
 - Level 2.1 Stealth
 * Level 8.8 Spellcasting
 + Level 6.4 Conjurations
 + Level 6.3 Summonings
 + Level 5.6 Translocations
 + Level 6.7 Invocations


You had 23 spell levels left.
You knew the following spells:

 Your Spells              Type           Power      Damage    Failure   Level
a - Magic Dart            Conj           100%       1d8       1%          1
b - Call Imp              Summ           32%        N/A       1%          2
c - Blink                 Tloc           58%        N/A       1%          2

Your spell library contained the following spells:

 Spells                   Type           Power      Damage    Failure   Level
 Apportation              Tloc           58%        N/A       1%          1
 Summon Small Mammal      Summ           100%       N/A       1%          1
 Call Canine Familiar     Summ           32%        N/A       1%          3
 Gell's Gravitas          Tloc           29%        N/A       1%          3
 Lesser Beckoning         Tloc           29%        N/A       1%          3
 Teleport Other           Tloc           29%        N/A       1%          3
 Conjure Flame            Conj/Fire      20%        6-21      6%          3
 Summon Guardian Golem    Hex/Summ       20%        N/A       6%          3
 Necrotise                Necr           32%        1d5       7%          1
 Slow                     Hex            32%        N/A       7%          1
 Mephitic Cloud           Conj/Pois/Air  16%        N/A       9%          3
 Vampiric Draining        Necr           8%         2d6       21%         3
 Anguish                  Hex/Necr       4%         N/A       52%         4
 Animate Dead             Necr           8%         N/A       52%         4
 Agony                    Necr           8%         N/A       86%         5
 Alistair's Intoxication  Tmut/Pois      5%         N/A       86%         5
 Enfeeble                 Hex            4%         N/A       100%        7
 Haunt                    Necr/Summ      10%        N/A       100%        7
 Infestation              Necr           4%         N/A       100%        8
 Chain Lightning          Conj/Air       10%        3d13      100%        9
 Fire Storm               Conj/Fire      10%        8d3       100%        9
 Shatter                  Erth           4%         3d7*      100%        9


Dungeon Overview and Level Annotations

Branches:
Dungeon (12/15)            Temple (1/1) D:7            Lair (0/5) D:10
    Orc (0/2) D:10

Altars:
Ashenzari
Cheibriados
Dithmenos
Fedhas
Gozag
Hepliaklqana
Kikubaaqudgha
Makhleb
Nemelex Xobeh
Okawaru
Qazlal
Ru
Sif Muna
Trog
Uskayaw
Vehumet
Wu Jian
Xom
Yredelemnul

Shops:
D:9 (

Annotations:
D:5 2 transporters, hndcvy's ghost, novice MiFi
D:8 1 transporter
D:12 Rupert


Innate Abilities, Weirdness & Mutations

Your life essence is reduced to manifest your ancestor. (-10% HP)
You have very sharp fingernails.
You are completely covered in icy blue scales. (AC +4, rC+)
A weak demonic guardian rushes to your aid.


Message History

Aim: Rupert, wielding a +1 great mace of draining and wearing a +0 leather armour (lightly wounded, ally target, 100% to hit)
Edmée avoids your attack.
The magic dart hits Rupert.
Rupert is lightly wounded.
You reach to attack!
You puncture Rupert! You freeze Rupert!
Rupert is moderately wounded.
Rupert hits Edmée with a +1 great mace of draining!!
You reach to attack!
You slash Rupert! You freeze Rupert.
Rupert is moderately wounded.
Rupert hits Edmée with a +1 great mace of draining.
You reach to attack!
You slash Rupert! You freeze Rupert!
Rupert is heavily wounded.
Rupert hits Edmée with a +1 great mace of draining!
Edmée is destroyed!
Rupert roars madly and goes into a rage!
Rupert goes berserk!
Casting: Magic Dart (safe; 1% risk of failure)
Confirm with . or Enter, or press ? or * to list all spells.
A shadowy apparition takes form in the air.
You swap places.
Rupert misses your shadow imp.
Rupert hits your shadow imp with a +1 great mace of draining!!
Your shadow imp dies!
Your shadow imp disappears in a puff of smoke!
You reach to attack!
You slash Rupert! You freeze Rupert.
Rupert is severely wounded.
Rupert hits you with a +1 great mace of draining!
A demonic guardian appears!
You partially resist.
You feel drained.
You barely miss Rupert.
Rupert is severely wounded.
Rupert hits you with a +1 great mace of draining!!
You partially resist.
You feel drained.
Your rust devil barely misses Rupert.
Rupert closely misses you.
You barely miss Rupert.
Rupert is severely wounded.
Rupert hits you with a +1 great mace of draining!!!
* * * LOW HITPOINT WARNING * * *
You partially resist.
You feel drained.
* * * LOW HITPOINT WARNING * * *
Your rust devil hits Rupert!
Your rust devil corrodes Rupert!
Rupert hits you with a +1 great mace of draining!!
You die...

### .. .# #
#####.### #..
#.@@4...#
.....##.###.#..?..
..8PP..<....# ##.
.###.#...#..# ..
#.#.# .# ## #. .#
... #. ## #### #.
..


You could see Rupert (berserk, corroded, ally target) and a friendly rust devil
(summoned).

Vanquished Creatures
  2 two-headed ogres (D:11)
  Amaemon (D:8)
  Pikel (D:8)
  Joseph (D:7)
  A cyclops (D:10)
  An orange demon (D:8)
  Psyche (D:8)
  An unseen horror (D:8)
  2 trolls (D:11)
  2 hornets
  3 yaks
  A wyvern (D:10)
  2 wraiths
  Eustachio (D:5)
  A steam dragon (D:7)
  4 vampire mosquitoes (D:10)
  An acid dragon (D:11)
  3 water moccasins
  5 orc warriors
  A black bear (D:10)
  3 wolves (D:8)
  A centaur (D:6)
  An ogre (D:6)
  A lemure (D:8)
  A kobold brigand (D:8)
  4 bullfrogs
  A scorpion (D:4)
  3 wights
  4 killer bees (D:10)
  2 howler monkeys (D:9)
  A jelly (D:4)
  2 hounds
  An orc priest (D:10)
  Crazy Yiuf (D:2)
  An iguana (D:4)
  An orc wizard (D:4)
  11 gnolls
  2 adders (D:4)
  3 worms
  3 dart slugs
  17 orcs
  10 ball pythons
  5 bats
  8 endoplasms
  3 giant cockroaches
  10 goblins
  10 hobgoblins
  4 jackals
  3 quokkas
  6 frilled lizards
  17 kobolds
  7 rats
182 creatures vanquished.

Vanquished Creatures (collateral kills)
  A hydra (D:11)
  2 two-headed ogres (D:9)
  Maurice (D:8)
  A cyclops (D:11)
  2 unseen horrors (D:10)
  A shadow (D:11)
  A wraith (D:12)
  10 yaks
  Grum (D:8)
  A steam dragon (D:9)
  2 acid dragons
  Duvessa (D:7)
  3 orc warriors
  A black bear (D:6)
  A sky beast (D:7)
  4 ogres
  A centaur (D:6)
  A lemure (D:8)
  2 kobold brigands (D:7)
  5 bullfrogs
  4 gnoll sergeants
  A necrophage (D:7)
  5 scorpions
  6 wights
  Dowan (D:7)
  A killer bee (D:10)
  5 howler monkeys
  2 jellies (D:5)
  5 orc priests
  4 hounds (D:5)
  3 orc wizards
  2 adders
  10 gnolls
  A white imp (D:6)
  2 ufetubi
  A worm (D:2)
  27 orcs
  A hobgoblin (D:4)
  4 kobolds
  A ball python (D:4)
128 creatures vanquished.

Vanquished Creatures (others)
  11 battlemagi
  2 ancestors (D:4)
  4 fungi (D:10)
  8 plants
25 creatures vanquished.

Grand Total: 335 creatures vanquished

Notes
Turn   | Place    | Note
-------+----------+-------------------------------------------
     0 | D:1      | javelincjr the Demonspawn Hedge Wizard began the quest for
                  | the Orb.
     0 | D:1      | Reached XP level 1. HP: 13/13 MP: 4/4
    43 | D:1      | Reached skill level 1 in Translocations
   375 | D:1      | Gained mutation: You have sharp fingernails. [demonic
                  | ancestry]
   375 | D:1      | Reached XP level 2. HP: 19/19 MP: 4/6
   982 | D:1      | Reached XP level 3. HP: 24/24 MP: 1/7
  1354 | D:1      | Learned a level 2 spell: Call Imp
  1357 | D:1      | Learned a level 2 spell: Blink
  1753 | D:2      | Found a sacrificial altar of Ru.
  2391 | D:2      | Found a runed translucent door.
  2392 | D:2      | Noticed Crazy Yiuf
  2415 | D:2      | Killed Crazy Yiuf
  2416 | D:2      | Reached skill level 1 in Fighting
  2416 | D:2      | Gained mutation: You are partially covered in icy blue
                  | scales. (AC +2) [demonic ancestry]
  2416 | D:2      | Reached XP level 4. HP: 18/32 MP: 1/9
  3439 | D:3      | Found a faded altar of an unknown god.
  3452 | D:3      | Prayed at the altar of an unknown god.
  3452 | D:3      | Became a worshipper of Hepliaklqana the Forgotten
  3452 | D:3      | Reached * piety under Hepliaklqana
  3795 | D:3      | Identified the +1 ring mail of Lifelessness {rPois rF+ rC+
                  | rN+}
  3971 | D:4      | Noticed a scorpion
  3981 | D:4      | Killed a scorpion
  3982 | D:4      | Reached skill level 1 in Armour
  3982 | D:4      | Reached XP level 5. HP: 34/34 MP: 8/10
  4424 | D:4      | Gained mutation: You have very sharp fingernails. [demonic
                  | ancestry]
  4424 | D:4      | Reached XP level 6. HP: 39/39 MP: 3/11
  5087 | D:5      | Entered Level 5 of the Dungeon
  5093 | D:5      | Noticed Eustachio
  5100 | D:5      | Killed Eustachio
  5151 | D:5      | Reached ** piety under Hepliaklqana
  5178 | D:5      | Remembered your ancestor Edmée as a battlemage
  5259 | D:5      | Found a shadowy altar of Dithmenos.
  5273 | D:5      | Gained mutation: You are mostly covered in icy blue scales.
                  | (AC +3) [demonic ancestry]
  5273 | D:5      | Reached XP level 7. HP: 46/46 MP: 8/13
  5309 | D:5      | Noticed a shadow
  5311 | D:5      | Noticed hndcvy's ghost (novice MiFi)
  5312 | D:5      | Found a transporter.
  5318 | D:5      | Found a transporter.
  6035 | D:5      | Reached XP level 8. HP: 54/54 MP: 9/15
  6331 | D:6      | Reached skill level 5 in Spellcasting
  6566 | D:6      | Found an ancient bone altar of Kikubaaqudgha.
  6969 | D:6      | Reached skill level 1 in Invocations
  7073 | D:6      | Reached *** piety under Hepliaklqana
  7247 | D:6      | Reached skill level 5 in Fighting
  7262 | D:6      | Reached XP level 9. HP: 52/61 MP: 7/17
  7265 | D:6      | Reached skill level 1 in Axes
  7535 | D:6      | Found an ornate altar of the Wu Jian Council.
  7547 | D:6      | Found a blossoming altar of Fedhas.
  7562 | D:6      | Found a shimmering blue altar of Sif Muna.
  7758 | D:7      | Noticed Joseph
  7764 | D:7      | Killed Joseph
  8076 | D:7      | Noticed Duvessa
  8076 | D:7      | Noticed Dowan
  8082 | D:7      | Killed Duvessa
  8087 | D:7      | Killed Dowan
  8230 | D:7      | Found a staircase to the Ecumenical Temple.
  8327 | Temple   | Entered the Ecumenical Temple
  9065 | D:8      | Noticed Amaemon
  9065 | D:8      | Noticed an orange demon
  9071 | D:8      | Killed an orange demon
  9072 | D:8      | Gained mutation: You are completely covered in icy blue
                  | scales. (AC +4, rC+) [demonic ancestry]
  9072 | D:8      | Reached XP level 10. HP: 40/68 MP: 18/20
  9095 | D:8      | Killed Amaemon
  9212 | D:8      | Noticed Maurice
  9222 | D:8      | Killed Maurice
  9223 | D:8      | Reached skill level 5 in Conjurations
  9363 | D:8      | Noticed Pikel
  9380 | D:8      | Killed Pikel
  9381 | D:8      | Reached skill level 5 in Summonings
  9592 | D:8      | Identified the ring of Psychosis {rN+ AC+4 Stlth+}
  9595 | D:8      | Noticed Grum
  9604 | D:8      | Killed Grum
  9637 | D:8      | Reached skill level 5 in Dodging
  9784 | D:8      | Noticed Psyche
  9788 | D:8      | Killed Psyche
  9856 | D:8      | Found a sparkling altar of Nemelex Xobeh.
  9856 | D:8      | Found a transporter.
  9856 | D:8      | Noticed a cyclops
  9859 | D:8      | Noticed a skeletal warrior
  9978 | D:8      | Gained mutation: A weak demonic guardian rushes to your
                  | aid. [demonic ancestry]
  9978 | D:8      | Reached XP level 11. HP: 62/75 MP: 22/22
 10015 | D:8      | Reached skill level 5 in Invocations
 10354 | D:9      | Noticed a two-headed ogre
 10366 | D:9      | Killed a two-headed ogre
 10457 | D:9      | Reached **** piety under Hepliaklqana
 10585 | D:9      | Noticed a two-headed ogre
 10592 | D:9      | Killed a two-headed ogre
 10593 | D:9      | Reached skill level 5 in Translocations
 10636 | D:9      | Found a snail-covered altar of Cheibriados.
 10669 | D:9      | Found a radiant altar of Vehumet.
 10989 | D:9      | Noticed a +0 dagger
 10991 | D:9      | Noticed a +0 short sword
 10992 | D:9      | Noticed a +0 falchion
 10992 | D:9      | Noticed a +0 dagger
 10992 | D:9      | Noticed a +0 falchion
 10993 | D:9      | Noticed a +0 short sword
 10993 | D:9      | Noticed a +0 spear
 10994 | D:9      | Noticed a +0 spear
 10998 | D:9      | Found a hide-covered altar of Uskayaw.
 11045 | D:9      | Found Qaec's Antique Weapon Shoppe.
 11063 | D:9      | Bought an ivory dagger for 133 gold pieces
 11063 | D:9      | Identified the +7 dagger of the Twisting Priest {vorpal,
                  | rC+ Will+ Dex+4} (You bought it in a shop on level 9 of the
                  | Dungeon)
 11456 | D:10     | Entered Level 10 of the Dungeon
 11468 | D:10     | Reached skill level 5 in Armour
 11562 | D:10     | Found a staircase to the Orcish Mines.
 11670 | D:10     | Reached skill level 1 in Short Blades
 12104 | D:10     | Found a staircase to the Lair.
 12358 | D:10     | Found a bloodstained altar of Trog.
 12591 | D:10     | Reached ***** piety under Hepliaklqana
 12908 | D:11     | Noticed a four-headed hydra
 12972 | D:11     | Killed a seven-headed hydra
 13096 | D:11     | Noticed a two-headed ogre
 13105 | D:11     | Killed a two-headed ogre
 13106 | D:11     | Reached XP level 12. HP: 84/84 MP: 21/24
 13699 | D:11     | Noticed a two-headed ogre
 13708 | D:11     | Killed a two-headed ogre
 14083 | D:12     | Noticed Rupert
 14083 | D:12     | Paralysed by Rupert for 4 turns
 14099 | D:12     | Slain by Rupert

Illustrated notes

Levels and vault maps discovered:
D:1:      scummos_arrival_simple_crosswalls, layout_rooms
D:2:      layout_loops_ring, basic_altar, nrook_mini_vaults,
          grunt_ministairs_13, minmay_tetromino_t4, uniq_crazy_yiuf_cottage
D:3:      layout_loops_ring, dilly_ecumenical_altar_fadedgnrine
D:4:      layout_gridville, minmay_misc_feat_secret_circle,
          hangedman_decor_growths
D:5:      layout_loops_corners, kennysheep_mini, gammafunk_ghost_arena,
          uniq_eustachio
D:6:      layout_basic, nicolae_overflow_quartered_altars
D:7:      layout_cave_pools, minmay_temple_entry_glass, enter_bailey_8,
          uniq_duvessa, uniq_joseph
D:8:      layout_basic, grunt_nemelex_the_gamble, special_room
          [special_room_orc], minmay_between, uniq_amaemon, uniq_pikel,
          uniq_maurice, uniq_grum, uniq_psyche
D:9:      layout_grid_maze, nicolae_uskayaw_en_pointe,
          mainiacjoe_overflow_swirl, serial_shops, nicolae_stop_n_shop_2,
          minmay_misc_feat_nine_boxes
D:10:     layout_grid_maze, tgw_trog, grunt_lair_entry_orc_guard_hut,
          orc_david_3, kennysheep_path_1
D:11:     layout_layer_cave
D:12:     layout_loops_corners, serial_undead, serial_undead_b, serial_undead_b,
          serial_undead_f, serial_undead_e, serial_undead_e, serial_undead_f,
          serial_undead_f, uniq_rupert, uniq_sonja
Temple:   nicolae_temple_bog_church

Skill      XL: |  1  2  3  4  5  6  7  8  9 10 11 |
---------------+----------------------------------+-----
Translocations | 1 2 3 4 5 |  5.6
Stealth        | 2 |  2.1
Dodging        | 2 3 4 5 |  5.9
Fighting       | 1 2 3 5 6 7 8 |  8.7
Armour         | 1 2 3 4 5 |  5.5
Conjurations   | 2 3 4 5 6 |  6.4
Summonings     | 2 3 4 5 6 |  6.3
Spellcasting   | 4 5 6 7 8 |  8.8
Invocations    | 1 3 4 6 |  6.7
Axes           | 2 3 |  3.6
Short Blades   | 2 |  2.2

Action                   |  1- 3 |  4- 6 |  7- 9 | 10-12 || total
-------------------------+-------+-------+-------+-------++-------
Melee: Dagger            |    37 |       |       |     3 ||    40
       Quarterstaff      |       |    80 |    15 |       ||    95
       Hand axe          |       |       |    42 |   131 ||   173
       Punch             |       |       |       |     3 ||     3
       Halberd           |       |       |       |    20 ||    20
 Cast: Magic Dart        |   103 |    79 |   155 |   180 ||   517
       Call Imp          |     3 |     3 |    14 |    22 ||    42
       Blink             |       |       |       |     2 ||     2
Invok: Ancestor Life: Ba |       |     1 |       |       ||     1
  Use: Scroll            |       |       |    16 |     1 ||    17
 Stab: Sleeping          |       |     1 |       |       ||     1
       Petrifying        |       |       |     1 |       ||     1
       Distracted        |       |       |       |     3 ||     3
Armor: Robe              |     4 |    13 |       |       ||    17
       Ring mail         |       |    23 |    30 |    92 ||   145
Dodge: Dodged            |    26 |    70 |    53 |   115 ||   264
